 Dungeon Crawl Stone Soup version 0.18-a0-1347-gb9e2fb4 (webtiles) character file.

15259 M4edhros the Martial Artist (level 11, 0/83 HPs)
             Began as a Mummy Monk on Feb 17, 2016.
             Slain by a seven-headed hydra (10 damage)
             ... on level 2 of the Lair of Beasts.
             The game lasted 01:33:37 (31492 turns).

M4edhros the Martial Artist (Mummy Monk)           Turns: 31492, Time: 01:33:37

Health: 0/83       AC:  5    Str: 14    XL:     11   Next: 99%
Magic:  11/11      EV: 22    Int:  9    God:
Gold:   852        SH: 11    Dex: 19    Spells: 0 memorised, 10 levels left

rFire  x . .     SeeInvis +       - Unarmed
rCold  + . .     Gourm    .     (no armour)
rNeg   + + +     Faith    .     a - +0 shield
rPois  ∞         Spirit   .     (no helmet)
rElec  .         Dismiss  .     t - +2 cloak
rCorr  .         Reflect  .     w - +0 pair of gloves
SustAt .         Harm     .     x - +0 pair of boots
MR     +....                    (no amulet)
Stlth  ++........               k - ring of see invisible
                                c - +5 ring of evasion

@: somewhat resistant to hostile enchantments, unstealthy
A: no food or potions, fire vulnerability, cold resistance 1, negative energy
resistance 3, torment resistance, unbreathing
a: no special abilities


You were on level 2 of the Lair of Beasts.
You were not hungry.

You visited 2 branches of the dungeon, and saw 14 of its levels.
You also visited: Labyrinth and Ossuary.

You collected 852 gold pieces.

Inventory:

Missiles
 d - 186 arrows (quivered)
Armour
 a - a +0 shield (worn)
 t - a +2 cloak (worn)
 w - a +0 pair of gloves (worn)
 x - a +0 pair of boots (worn)
Jewellery
 c - a +5 ring of evasion (left hand)
 k - a ring of see invisible (right hand)
 l - an uncursed ring of resist corrosion
 m - an uncursed ring of protection from magic
 A - an uncursed ring of ice
Wands
 h - a wand of lightning (4/15)
 r - a wand of slowing (23/48)
 s - a wand of random effects (32/48)
 u - a wand of digging (18/24)
 y - a wand of confusion (18/48)
Scrolls
 b - 3 scrolls of amnesia
 e - a scroll of magic mapping
 f - a scroll of random uselessness
 g - a scroll of fog
 j - 2 scrolls of enchant weapon
 n - 3 scrolls of identify
 o - 3 scrolls of recharging
 p - 4 scrolls of remove curse
 q - 6 scrolls of immolation
Books
 v - a book of Frost

   Spells                             Type                      Level
   a - Freeze                         Ice                          1
   b - Throw Frost                    Conjuration/Ice              2
   c - Ozocubu's Armour               Charms/Ice                   3
   d - Throw Icicle                   Conjuration/Ice              4
   e - Summon Ice Beast               Ice/Summoning                4
Comestibles
 i - 15 fruits
 z - 7 slices of pizza


   Skills:
 + Level 6.9 Fighting
 - Level 8.1 Dodging
 + Level 1.8 Stealth
 - Level 9.0 Shields
 - Level 10.8 Unarmed Combat


You had 10 spell levels left.
You didn't know any spells.

Dungeon Overview and Level Annotations

Branches:
Dungeon (12/15)            Temple (0/1) D:5            Lair (2/8) D:10
    Orc: D:9-12

Altars:
Ashenzari
Cheibriados
Dithmenos
Elyvilon
Fedhas
Makhleb
Okawaru
Pakellas
Ru
Sif Muna
Xom
Yredelemnul
Zin
The Shining One

Shops:
D:6 (

Annotations:
D:2 exclusion: door
D:3 Sigmund
D:4 Blork the orc, Grinder
D:9 ! psyche with distortion..., Joseph, Psyche
D:10 1 exclusion
D:11 Harold
Lair:1 exclusion: spiny frog
Lair:2 ! hydra 7, exclusions: plant and 4 more exclusions, Erica


Innate Abilities, Weirdness & Mutations

You do not eat or drink.
Your flesh is vulnerable to fire.
You are immune to poison.
Your flesh is cold resistant.
You are immune to negative energy.
You are immune to unholy pain and torment.
You can survive without breathing.


Message History

The seven-headed hydra barely misses your butterfly.
The yak gores your butterfly!
Your butterfly dies!
Unknown command.
The seven-headed hydra completely misses your butterfly. x2
The seven-headed hydra bites your butterfly!
Your butterfly dies!
The seven-headed hydra barely misses your butterfly. x2
The seven-headed hydra closely misses your butterfly.
The seven-headed hydra bites your butterfly!
Your butterfly dies!
Unknown command.
The yak misses your butterfly. The seven-headed hydra bites you!
* * * LOW HITPOINT WARNING * * *
You block the seven-headed hydra's attack.
The seven-headed hydra completely misses you.
You block the seven-headed hydra's attack.
The seven-headed hydra bites you!
You die...

### #.### ##...#
##.......##bD@##
........##PY.##
........##.bb#
......###..##
#......#.b..#
#.....##..###
#...# #..#
#...###..##
##..##....##


You could see a seven-headed hydra and a yak.

Vanquished Creatures
  2 unseen horrors (D:10)
  An oklob plant (D:10)
  3 spiny frogs
  5 yaktaurs (D:10)
  2 komodo dragons
  A troll (D:10)
  2 two-headed ogres (D:10)
  3 blink frogs
  A shadow (D:10)
  A wyvern (D:10)
  8 yaks
  A wraith (D:10)
  A basilisk (D:10)
  Menkaure (D:5)
  A hippogriff (D:10)
  2 hungry ghosts (D:10)
  2 wolves (Lair:2)
  Duvessa (D:6)
  3 porcupines
  A water moccasin (Lair:2)
  3 black bears
  2 ice beasts
  3 sky beasts
  A wasp (D:9)
  3 orc warriors
  3 phantoms
  3 ogres
  9 centaurs
  3 crocodiles
  3 big kobolds (D:10)
  7 giant frogs
  A wyvern zombie (D:8)
  A wyvern skeleton (D:11)
  Dowan (D:6)
  5 scorpions
  A water moccasin skeleton (D:5)
  8 killer bees
  4 wights (D:6)
  2 centaur zombies
  5 crimson imps
  13 hounds
  4 centaur skeletons
  5 orc priests
  2 jellies (D:5)
  2 giant frog skeletons
  Ijyb (D:3)
  11 iguanas
  11 worker ants
  8 orc wizards
  2 sheep (D:10)
  A big kobold zombie (Ossuary)
  A hound zombie (D:5)
  8 mummies (Ossuary)
  A hound skeleton (D:8)
  A worker ant zombie (D:3)
  11 gnolls
  15 adders
  25 river rats
  5 shadow imps
  2 adder zombies
  4 oozes
  2 worms
  7 giant geckos
  35 orcs
  2 ball pythons
  8 bats
  8 giant cockroaches
  A gnoll zombie (Ossuary)
  5 goblins
  5 hobgoblins
  21 jackals
  5 quokkas
  6 giant newts
  A goblin skeleton (D:8)
  6 hobgoblin zombies
  A jackal skeleton (D:7)
  10 kobolds
  A kobold skeleton (D:8)
  5 kobold zombies
  An orc skeleton (D:8)
  An orc zombie (Ossuary)
  2 quokka skeletons
  2 quokka zombies
  8 rats
  2 plants (D:10)
388 creatures vanquished.

Vanquished Creatures (others)
  A fungus (Lair:2)
  11 plants
12 creatures vanquished.

Grand Total: 400 creatures vanquished

Notes
Turn   | Place    | Note
--------------------------------------------------------------
     0 | D:1      | M4edhros the Mummy Monk began the quest for the Orb.
     0 | D:1      | Reached XP level 1. HP: 18/18 MP: 1/1
   332 | D:1      | Reached XP level 2. HP: 16/24 MP: 2/2
   697 | D:1      | Reached XP level 3. HP: 25/29 MP: 3/3
  1018 | D:1      | Reached skill level 4 in Unarmed Combat
  1291 | D:1      | Reached skill level 1 in Shields
  2004 | D:2      | Reached XP level 4. HP: 10/35 MP: 4/4
  3086 | D:3      | Reached XP level 5. HP: 41/41 MP: 5/5
  3608 | D:3      | Noticed Ijyb
  3624 | D:3      | Reached skill level 5 in Unarmed Combat
  3765 | D:3      | Killed Ijyb
  3945 | D:3      | Noticed Sigmund
  4290 | D:3      | Reached XP level 6. HP: 12/47 MP: 6/6
  5330 | D:4      | Noticed Grinder
  5916 | D:4      | Noticed Blork the orc
  5935 | D:5      | Entered Level 5 of the Dungeon
  5940 | D:5      | Found a deep blue altar of Sif Muna.
  6020 | D:5      | Reached skill level 6 in Unarmed Combat
  6027 | D:5      | Reached XP level 7. HP: 28/52 MP: 7/7
  6105 | D:5      | Noticed Menkaure
  6220 | D:5      | Found a snail-covered altar of Cheibriados.
  6483 | D:5      | Found a sand-covered staircase.
  6490 | Ossuary  | Entered an ossuary
  7710 | D:5      | Found a staircase to the Ecumenical Temple.
  8079 | D:5      | Reached skill level 7 in Unarmed Combat
  8884 | D:5      | Reached XP level 8. HP: 47/58 MP: 8/8
  9815 | D:6      | Noticed Duvessa
  9815 | D:6      | Noticed Dowan
 10079 | D:5      | Killed Menkaure
 10637 | D:6      | Reached skill level 8 in Unarmed Combat
 10896 | D:6      | Found a basalt altar of Yredelemnul.
 10897 | D:6      | Found a white marble altar of Elyvilon.
 10898 | D:6      | Found a sacrificial altar of Ru.
 10899 | D:6      | Found a shimmering altar of Xom.
 10899 | D:6      | Found an oddly glowing altar of Pakellas.
 11191 | D:5      | Reached skill level 5 in Shields
 11638 | D:6      | Found Dach's Weapon Shoppe.
 11893 | D:6      | Found a glowing silver altar of Zin.
 11894 | D:6      | Found a blossoming altar of Fedhas.
 11961 | D:6      | Found a shadowy altar of Dithmenos.
 12247 | D:6      | Reached XP level 9. HP: 60/63 MP: 9/9
 12340 | D:6      | Killed Dowan
 12571 | D:6      | Killed Duvessa
 12571 | D:6      | Reached skill level 9 in Unarmed Combat
 13245 | D:7      | Found a burning altar of Makhleb.
 14670 | D:8      | Reached skill level 10 in Unarmed Combat
 15201 | D:8      | Found a glowing golden altar of the Shining One.
 15226 | D:8      | Found a shattered altar of Ashenzari.
 15252 | D:8      | Found an iron altar of Okawaru.
 15350 | D:8      | Noticed a troll
 17252 | D:8      | Reached XP level 10. HP: 47/70 MP: 10/10
 17991 | D:9      | Noticed Psyche
 18057 | D:9      | Noticed Joseph
 18331 | D:10     | Entered Level 10 of the Dungeon
 18360 | D:10     | Noticed an unseen horror
 18474 | D:11     | Noticed an unseen horror
 18477 | D:11     | Noticed a brown ugly thing
 18499 | D:11     | HP: 3/70 [unseen horror (8)]
 18522 | D:11     | HP: 1/70 [centaur/arrow (7)]
 18851 | D:10     | just survived impossible situation
 18851 | D:10     | and wasted blink and fog scroll
 19083 | D:10     | Found a staircase to the Lair.
 19083 | D:10     | Noticed an oklob plant
 19084 | D:10     | fuck. lair protected by oklob plants....
 19084 | D:10     | is it some kind of joke?
 19243 | D:10     | Killed an oklob plant
 19244 | D:10     | i killed oklob plant. lol. luckily had that resist corrosion ring
 19430 | D:10     | 3/18/11 defences
 20236 | D:10     | Killed an unseen horror
 20236 | D:10     | Reached skill level 5 in Dodging
 20770 | D:10     | Noticed a three-headed hydra
 21677 | D:10     | Noticed a white ugly thing
 21964 | Lair:1   | Entered Level 1 of the Lair of Beasts
 21968 | Lair:1   | Noticed a spiny frog
 21969 | Lair:1   | 3/20/11 defence, spiny frog seen
 22057 | Lair:1   | Reached XP level 11. HP: 61/75 MP: 11/11
 22160 | Lair:1   | Found a labyrinth entrance.
 22169 | Lab      | Entered a labyrinth
 22802 | Lab      | Noticed a minotaur
 22803 | Lab      | this is serious joke
 22803 | Lab      | minotaur wielding +10 dark maul, dealing 52 base dmg
 22803 | Lab      | i have 75 hp.
 22803 | Lab      | provided he is unlucky, he deals 30-50 average dmg, can kill me in one hit, or deal some 10 dmg
 27562 | Lair:1   | Noticed an eight-headed hydra
 27580 | Lair:1   | This is joke. Eight headed hydra, comodo dragon, yaks, spiny frogs, porcupine. Am i able to survive this?
 27605 | D:10     | so, once again: spiny frog and me. Who will win?... too bad no tele scrolls
 27617 | D:10     | YESSSS!!!!! I KILLED THIS SPINY
 27657 | D:10     | NOOOOO!!!! UGLY THING APPROACHING
 27931 | D:11     | going dungeon once again.
 27932 | D:11     | and komodo dragon comes.
 27932 | D:11     | lol.
 27939 | D:10     | chimera, komodo dragon, lots of bees
 28098 | D:11     | and also some ugly thing
 28535 | D:10     | Killed an unseen horror
 28612 | D:10     | Reached skill level 5 in Fighting
 28825 | D:12     | Noticed a hill giant
 28914 | D:11     | mottled dragon lol.
 28922 | D:11     | and he opened the door. lol.
 28929 | D:11     | and then the ugly thing comes
 28929 | D:11     | this is another some kind of joke
 28967 | D:11     | pack of centaurs
 29133 | D:11     | Noticed Harold
 29136 | D:10     | and also harold
 29347 | Lair:2   | ok, went to lair 2. lets see.
 29625 | Lair:2   | electric eels
 29805 | Lair:2   | Noticed Erica
 29807 | Lair:2   | and yet, Erica!!!
 30322 | Lair:2   | booom komodo dies
 30337 | Lair:2   | Noticed a seven-headed hydra
 30340 | Lair:2   | booom i woke up 7hydra.
 31492 | Lair:2   | Slain by a seven-headed hydra

Vault maps used:
D:1:      shiori_arrival_maze
D:2:      uniq_crazy_yiuf_cottage
D:3:      minmay_misc_feat_roman, uniq_sigmund, uniq_iyjb
D:4:      first_bread, serial_shops, nicolae_shop_behind_doors,
          minmay_misc_feat_plants, uniq_eustachio, uniq_grinder,
          uniq_blork_the_orc
D:5:      kennysheep_little_box, minmay_temple_entry_overgrown,
          chequers_ossuary_entry_cave, roderic_serpentine_path,
          minmay_misc_feat_five, cheibrodos_worm_habitat, uniq_menkaure
D:6:      grunt_temple_overflow_open, overflow_temple_1_default, serial_shops,
          nicolae_shop_crystal, uniq_duvessa
D:7:      makhleb_heckhound_becter
D:8:      nicolae_tso_besieged_by_evil, lemuel_crystal_altar, okawaru_trees_2
D:9:      kennysheep_vampire_church, kennysheep_flooded_box, uniq_joseph,
          uniq_psyche
D:10:     dpeg_oklobed_lair, hangedman_ranch, minmay_lizard_king
D:11:     minivault_7, uniq_nergalle, uniq_harold
D:12:     erik_orc_4
Lair:1:   lab_entry_generic, lemuel_fruit_fields
Lair:2:   serial_bayou_lagoon_a, beast_lair_carwin_3, uniq_erica
Lab:      nicolae_lab_dead_adventurers
Ossuary:  ossuary_tomb_3

Action                   |  1- 3 |  4- 6 |  7- 9 | 10-12 || total
-------------------------+-------+-------+-------+-------++-------
Melee: Unarmed           |   137 |   325 |   873 |  1079 ||  2414
  Use: Scroll            |       |     5 |    10 |    15 ||    30
 Stab: Sleeping          |     2 |     3 |     4 |     3 ||    12
       Distracted        |       |       |     1 |     1 ||     2
